 Dungeon Crawl Stone Soup version 0.29.1-2-gbd0b4ee654 (webtiles) character file.

Game seed: 8089179016168145096

105 safid the Shooter (level 4, -8/41 HPs)
             Began as a Minotaur Hunter on Nov 4, 2022.
             Killed by divine providence
             ... invoked by an orc priest
              (12 damage)
             ... on level 3 of the Dungeon.
             The game lasted 00:02:09 (2196 turns).

safid the Shooter (Minotaur Hunter)                 Turns: 2196, Time: 00:02:10

Health: -8/41      AC:  3    Str: 15    XL:     4   Next: 54%
Magic:  3/3        EV: 12    Int:  6    God:
Gold:   125        SH:  0    Dex: 16    Spells: 3/3 levels left

rFire   . . .      SeeInvis .   a - +0 shortbow
rCold   . . .      Faith    .   (shield currently unavailable)
rNeg    . . .      Spirit   .   c - +0 leather armour
rPois   .          Reflect  .   (helmet restricted)
rElec   .          Harm     .   (no cloak)
rCorr   .          Rampage  .   (no gloves)
Will    .....                   (no boots)
Stlth   +.........              (no amulet)
HPRegen 0.13/turn               (no ring)
MPRegen 0.08/turn               (no ring)

@: no status effects
A: horns 2, retaliatory headbutt
a: no special abilities


You were on level 3 of the Dungeon.
You visited 1 branch of the dungeon, and saw 3 of its levels.

You collected 125 gold pieces.

Inventory:

Hand Weapons
 a - a +0 shortbow (weapon)
Armour
 c - a +0 leather armour (worn)
Scrolls
 b - 2 scrolls of immolation
 e - 8 scrolls of identify {unknown}
 i - a scroll of magic mapping {unknown}
 k - 4 scrolls of teleportation {unknown}
 l - a scroll of blinking {unknown}
 m - 2 scrolls of enchant weapon {unknown}
 o - a scroll of poison {unknown}
 q - a scroll of summoning {unknown}
Potions
 d - a potion of degeneration {unknown}
 f - a potion of cancellation
 g - a potion of mutation {unknown}
 h - 2 potions of curing
 j - a potion of resistance {unknown}
 n - 2 potions of haste {unknown}
 p - a potion of heal wounds {unknown}


   Skills:
 + Level 4.4 Fighting
 + Level 5.6 Ranged Weapons
 - Level 2.1 Dodging
 - Level 0.7 Stealth


You had 3 spell levels left.
You didn't know any spells.
Your spell library contained the following spells:

 Spells                   Type           Power      Damage    Failure   Level
 Magic Dart               Conj           0%         1d3       52%         1
 Slow                     Hex            0%         N/A       52%         1
 Call Imp                 Summ           0%         N/A       67%         2
 Confusing Touch          Hex            0%         N/A       88%         3
 Mephitic Cloud           Conj/Pois/Air  0%         N/A       88%         3
 Ozocubu's Armour         Ice            0%         N/A       88%         3
 Vampiric Draining        Necr           0%         2d6       88%         3
 Ozocubu's Refrigeration  Ice            0%         4d7       100%        7


Dungeon Overview and Level Annotations

Branches:
Dungeon (3/15)

Altars:


Innate Abilities, Weirdness & Mutations

You have a pair of horns on your head.
You reflexively headbutt those who attack you in melee.


Message History

The arrow hits the orc priest but does no damage.
The orc priest is moderately wounded.
The orc priest hits you but does no damage.
Fire: a) +0 shortbow
Press: ? - help, Q - select action Shift-Dir - straight line, f/p - orc priest
Aim: an orc priest, wielding a +3 short sword (moderately wounded, 64% to hit)
You shoot an arrow. The arrow barely misses the orc priest.
The orc priest barely misses you. You furiously retaliate!
You headbutt the orc priest, but do no damage.
The orc priest hits you with a +3 short sword.
* * * LOW HITPOINT WARNING * * *
Fire: a) +0 shortbow
Press: ? - help, Q - select action Shift-Dir - straight line, f/p - orc priest
Aim: an orc priest, wielding a +3 short sword (lightly wounded, 64% to hit)
You shoot an arrow. The arrow hits the orc priest.
The orc priest is moderately wounded.
The orc priest closely misses you.
Fire: a) +0 shortbow
Press: ? - help, Q - select action Shift-Dir - straight line, f/p - orc priest
Aim: an orc priest, wielding a +3 short sword (moderately wounded, 64% to hit)
You shoot an arrow. The arrow hits the orc priest.
The orc priest is heavily wounded.
The orc priest hits you with a +3 short sword.
* * * LOW HITPOINT WARNING * * *
Fire: a) +0 shortbow
Press: ? - help, Q - select action Shift-Dir - straight line, f/p - orc priest
Aim: an orc priest, wielding a +3 short sword (heavily wounded, 64% to hit)
You shoot an arrow. The arrow hits the orc priest.
The orc priest is severely wounded.
The orc priest hits you but does no damage.
The orc priest mumbles some strange prayers to Beogh against you.
Beogh smites you!
* * * LOW HITPOINT WARNING * * *
It was a potion of curing.
You feel better.
The orc priest hits you with a +3 short sword.
* * * LOW HITPOINT WARNING * * *
It was a potion of cancellation.
You feel magically purged.
The orc priest calls down the wrath of Beogh upon you.
Beogh smites you!
You die...

#.#..###.#
#.........###....###>#
+.........+.......##.#
(........###....###.#
....... #.#..###.#
..... #........# .).
####.##### #o# #.#
####@#### #.#
####.......# #.#
#.......##.# #.#
#.##.#...#.# #.#
#.......# #.#
#.....#.# #.#
#.#..##.#######.#
.................#
###.#####.#########


You could see an orc priest.

Vanquished Creatures
  2 orc wizards (D:3)
  An adder (D:2)
  3 dart slugs
  7 orcs (D:3)
  2 bats
  3 endoplasms
  A giant cockroach (D:3)
  5 goblins
  2 jackals (D:1)
  A quokka (D:2)
  2 ball pythons
  2 frilled lizards (D:2)
  A kobold (D:1)
  4 rats (D:2)
36 creatures vanquished.

Notes
Turn   | Place    | Note
-------+----------+-------------------------------------------
     0 | D:1      | safid the Minotaur Hunter began the quest for the Orb.
     0 | D:1      | Reached XP level 1. HP: 18/18 MP: 0/0
   303 | D:1      | Reached XP level 2. HP: 25/25 MP: 1/1
  1193 | D:2      | Found a faded altar of an unknown god.
  1206 | D:2      | Reached XP level 3. HP: 31/31 MP: 2/2
  1210 | D:2      | Reached skill level 5 in Ranged Weapons
  2045 | D:3      | Reached XP level 4. HP: 40/40 MP: 3/3
  2194 | D:3      | HP: 2/41 [orc priest/divine providence (9)]
  2196 | D:3      | Killed from afar by an orc priest

Illustrated notes

Levels and vault maps discovered:
D:1:      sevenhm_arrival_forest_fort_large_4, layout_loops_ring
D:2:      layout_loops_corners, hellmonk_ecumenical_altar_leap_of_faith
D:3:      layout_loops_corners, general_overflow_altar, minitemple,
          minmay_misc_feat_enclosed, grunt_ministairs_15

Skill      XL: |  1  2  3 |
---------------+----------+-----
Fighting       | 3 4 |  4.4
Ranged Weapons | 5 |  5.6
Dodging        | |  2.1
Stealth        | |  0.7

Action                   |  1- 3 |  4- 6 || total
-------------------------+-------+-------++-------
 Fire: Shortbow          |    90 |    16 ||   106
  Use: Potion            |       |     2 ||     2
Armor: Leather armour    |     4 |     3 ||     7
Dodge: Dodged            |    17 |     3 ||    20
